 Dungeon Crawl Stone Soup version 0.20.1-1-g8b1a95d (webtiles) character file.

3777 pstr the Destroyer (level 10, -1/81 HPs)
             Began as a Kobold Conjurer on Nov 19, 2017.
             Slain by a two-headed ogre
             ... wielding a +0 giant club
              (17 damage)
             ... on level 10 of the Dungeon.
             The game lasted 00:30:30 (11920 turns).

pstr the Destroyer (Kobold Conjurer)               Turns: 11920, Time: 00:30:31

Health: -1/81      AC: 10    Str: 13    XL:     10   Next: 38%
Magic:  9/31       EV: 16    Int: 24    God:    Xom [...*..]
Gold:   242        SH:  0    Dex: 18    Spells: 23/26 levels left

rFire    . . .     SeeInvis .   K - staff of cold
rCold    + . .     Gourm    .   (shield currently unavailable)
rNeg     . . .     Faith    .   S - +0 ring mail (curse)
rPois    .         Spirit   .   (no helmet)
rElec    .         Reflect  .   J - +0 cloak (curse)
rCorr    .         Harm     .   W - +2 pair of gloves
MR       .....                  (no boots)
Stlth    ..........             y - amulet of regeneration
Regen    1.1/turn               t - ring of magical power
MPRegen  0.3/turn               v - +3 ring of intelligence

@: berserking, very quick
A: thin skeletal structure 1, camouflage 1, carnivore 3, clever 1, regeneration
1, screaming 1, strong 1
a: Renounce Religion


You were on level 10 of the Dungeon.
You worshipped Xom.
You were a favourite toy of Xom.
You were very full.

You visited 2 branches of the dungeon, and saw 11 of its levels.

You collected 414 gold pieces.
You spent 172 gold pieces at shops.

Inventory:

Hand Weapons
 j - a +3 whip
 p - a cursed +0 dagger
Missiles
 g - 463 stones (quivered)
 A - 157 arrows
Armour
 a - a +0 robe
 k - a +0 leather armour
 B - a +0 ring mail
 J - a cursed +0 cloak (worn)
 S - a cursed +0 ring mail (worn)
 W - a +2 pair of gloves (worn)
Magical Staves
 K - an uncursed staff of cold (weapon)
Jewellery
 t - a ring of magical power (left hand)
 v - a +3 ring of intelligence (right hand)
 y - an amulet of regeneration (around neck)
 H - an uncursed ring of ice {unknown}
 R - an uncursed ring of ice {unknown}
Wands
 s - a wand of flame (16/48)
 I - a wand of digging (11/24)
 N - a wand of polymorph (12/24)
 Q - a wand of scattershot (4/9)
 U - a wand of digging (6/24)
 V - a wand of clouds (6/9)
Scrolls
 d - a scroll of immolation
 e - 7 scrolls of identify
 h - 3 scrolls of remove curse
 m - 3 scrolls of enchant weapon {unknown}
 n - a scroll of magic mapping
 o - a scroll of recharging
 u - a scroll of fog {unknown}
 w - a scroll of enchant armour {unknown}
 x - 3 scrolls of teleportation {unknown}
 z - a scroll of noise {unknown}
 C - a scroll of amnesia {unknown}
 E - 2 scrolls of random uselessness {unknown}
 L - a scroll of acquirement {unknown}
Potions
 i - a potion of berserk rage
 q - 3 potions of lignification
 r - a potion of haste {unknown}
 D - a potion of cancellation {unknown}
 F - 2 potions of heal wounds {unknown}
 G - a potion of ambrosia {unknown}
 O - 2 potions of degeneration {unknown}
 T - a potion of magic {unknown}
Books
 b - a book of Conjurations

   Spells                             Type                      Level
   a - Magic Dart                     Conjuration                  1
   b - Searing Ray                    Conjuration                  2
   c - Dazzling Spray                 Conjuration/Hexes            3
   d - Fulminant Prism                Conjuration/Hexes            4
   e - Force Lance                    Conjuration/Translocation    4
   f - Iskenderun's Mystic Blast      Conjuration                  4
 M - a book of Flames

   Spells                             Type                      Level
   a - Flame Tongue                   Conjuration/Fire             1
   b - Throw Flame                    Conjuration/Fire             2
   c - Conjure Flame                  Conjuration/Fire             3
   d - Inner Flame                    Hexes/Fire                   3
   e - Sticky Flame                   Conjuration/Fire             4
   f - Fireball                       Conjuration/Fire             5
Comestibles
 c - 5 meat rations
 l - 8 royal jellies


   Skills:
 + Level 2.4 Fighting
 + Level 5.1 Armour
 + Level 5.1 Dodging
 + Level 5.3 Stealth
 + Level 0.8 Unarmed Combat
 + Level 8.6 Spellcasting
 + Level 8.9 Conjurations


You had 23 spell levels left.
You knew the following spells:

 Your Spells              Type           Power        Failure   Level  Hunger
a - Magic Dart            Conj           ####         1%          1    None
b - Searing Ray           Conj           ######       1%          2    None


Dungeon Overview and Level Annotations

Branches:
Dungeon (10/15)            Temple (1/1) D:5
   Lair: D:8-11         Orc: D:9-12

Altars:
Ashenzari
Cheibriados
Dithmenos
Elyvilon
Fedhas
Gozag
Hepliaklqana
Kikubaaqudgha
Nemelex Xobeh
Okawaru
Qazlal
Sif Muna
Trog
Uskayaw
Xom
Yredelemnul
Zin
The Shining One

Shops:
D:6 }   D:8 }}=[


Innate Abilities, Weirdness & Mutations

You are small and have problems with some larger weapons.
You are carnivorous and can eat meat at any time.
You have a somewhat thin skeletal structure. (Dex +2, Stealth)
Your skin changes colour to match your surroundings (Stealth+).
Your mind is acute. (Int +2)
Your natural rate of healing is unusually fast.
You occasionally shout uncontrollably at your foes.
Your muscles are strong. (Str +2)


Message History

It was a potion of berserk rage.
A red film seems to cover your vision as you go berserk!
You feel yourself moving faster!
You feel mighty!
Xom roars with laughter!
The two-headed ogre misses you.
The two-headed ogre completely misses you.
You barely miss the two-headed ogre.
The two-headed ogre is heavily wounded.
You hit the two-headed ogre.
The two-headed ogre is heavily wounded.
The two-headed ogre barely misses you.
The two-headed ogre hits you with a giant spiked club!
* * * LOW HITPOINT WARNING * * *
You hit the two-headed ogre!
The two-headed ogre is severely wounded.
You hit the two-headed ogre but do no damage.
The two-headed ogre is severely wounded.
The two-headed ogre hits you with a giant club!
You die...
Xom is highly amused!

#.........#
.........#
..#.#.......#
#O..........#
#<..####.
###.[......
#zz.....###
#O##.##.# #@#
.# # #....#
..#### ##.#
#.. ###


You could see a two-headed ogre and 2 wights.

Vanquished Creatures
  A two-headed ogre (D:8)
  A hornet (D:10)
  Sigmund (D:2)
  An orc warrior (D:7)
  4 ogres
  A sky beast (D:6)
  5 centaurs
  2 phantoms
  2 bullfrogs (D:6)
  4 killer bees (D:8)
  4 wights
  2 howler monkeys
  A bullfrog zombie (D:8)
  7 hounds
  A quasit (D:8)
  A bullfrog skeleton (D:5)
  4 iguanas
  4 orc priests
  3 orc wizards
  3 centaur skeletons
  Jessica (D:3)
  4 worker ants
  12 adders
  9 gnolls
  4 shadow imps
  An ooze (D:2)
  An adder skeleton (D:8)
  2 worms (D:2)
  2 leopard geckos
  24 orcs
  8 bats
  2 giant cockroaches
  12 hobgoblins
  3 kobolds
  3 quokkas
  A ball python (D:2)
  6 frilled lizards
  8 goblins
  A quokka skeleton (D:4)
  9 rats
165 creatures vanquished.

Notes
Turn   | Place    | Note
-------+----------+-------------------------------------------
     0 | D:1      | pstr the Kobold Conjurer began the quest for the Orb.
     0 | D:1      | Reached XP level 1. HP: 10/10 MP: 3/3
   576 | D:1      | Reached XP level 2. HP: 15/15 MP: 0/5
   580 | D:1      | Learned a level 2 spell: Searing Ray
   917 | D:1      | Reached XP level 3. HP: 13/19 MP: 1/6
  2219 | D:2      | Reached XP level 4. HP: 24/24 MP: 4/8
  2553 | D:2      | You fall through a shaft!
  3033 | D:2      | Reached skill level 5 in Conjurations
  3060 | D:2      | Noticed Sigmund
  3098 | D:2      | Killed Sigmund
  3098 | D:2      | Reached XP level 5. HP: 16/28 MP: 0/10
  3098 | D:2      | Reached XP level 6. HP: 19/33 MP: 0/11
  3845 | D:3      | Reached skill level 1 in Fighting
  4526 | D:3      | Noticed Jessica
  4528 | D:3      | Killed Jessica
  4528 | D:3      | Reached XP level 7. HP: 34/38 MP: 10/13
  4740 | D:3      | Found a deep blue altar of Sif Muna.
  5174 | D:4      | You fall through a shaft!
  5174 | D:5      | Entered Level 5 of the Dungeon
  5629 | D:4      | Reached skill level 5 in Spellcasting
  5922 | D:4      | Reached XP level 8. HP: 43/43 MP: 16/16
  6577 | D:5      | Reached skill level 5 in Stealth
  6985 | D:5      | Found a staircase to the Ecumenical Temple.
  7087 | D:5      | Reached skill level 1 in Armour
  7159 | Temple   | Entered the Ecumenical Temple
  7374 | Temple   | Became a worshipper of Xom of Chaos
  7785 | D:6      | Found a shadowy altar of Dithmenos.
  7931 | D:6      | XOM: smoke on damage
  7966 | D:6      | XOM: potion effect (might)
  8338 | D:6      | Reached XP level 9. HP: 38/47 MP: 18/18
  8566 | D:6      | Found a sparkling altar of Nemelex Xobeh.
  8567 | D:6      | Found an opulent altar of Gozag.
  8625 | D:6      | Found a glowing silver altar of Zin.
  8633 | D:6      | XOM: harmless Tloc miscast
  8811 | D:6      | Found Xuixolud's Gadget Boutique.
  8888 | D:6      | XOM is BORED!
  8888 | D:6      | XOM: noise
  8900 | D:6      | XOM: give mutations
  8900 | D:6      | Gained mutation: Your muscles are strong. (Str +2) [Xom's grace]
  8900 | D:6      | Gained mutation: Your natural rate of healing is unusually fast. [Xom's grace]
  8900 | D:6      | Gained mutation: Your skin changes colour to match your surroundings (Stealth+). [Xom's grace]
  8900 | D:6      | Gained mutation: You have a somewhat thin skeletal structure. (Dex +2, Stealth) [Xom's grace]
  9638 | D:7      | XOM: enchant monster (good)
  9919 | D:7      | XOM: scenery: create altars
 10136 | D:8      | XOM: 2-stop teleportation journey
 10174 | D:8      | Found a stormy altar of Qazlal.
 10195 | D:8      | Found a blossoming altar of Fedhas.
 10473 | D:8      | XOM: enchant monster (bad)
 10483 | D:8      | XOM is BORED!
 10483 | D:8      | XOM: noise
 10530 | D:8      | XOM: mild Necr miscast
 10595 | D:8      | Found Sazutudgh's Gadget Shop.
 10600 | D:8      | Noticed a two-headed ogre
 10624 | D:8      | XOM: confuse monster(s)
 10641 | D:8      | XOM: give mutations
 10641 | D:8      | Gained mutation: You occasionally shout uncontrollably at your foes. [Xom's mischief]
 10641 | D:8      | Gained mutation: Scrolls take you a little longer to read. [Xom's mischief]
 10641 | D:8      | Lost mutation: Scrolls take you a little longer to read. [Xom's mischief]
 10641 | D:8      | Gained mutation: Your mind is acute. (Int +2) [Xom's mischief]
 10649 | D:8      | Killed a two-headed ogre
 10649 | D:8      | Reached XP level 10. HP: 52/54 MP: 16/21
 10933 | D:8      | XOM: harmless Tmut miscast
 11122 | D:8      | Found Ufreweg's Gadget Boutique.
 11300 | D:8      | XOM: god gift: wand of clouds (?/9) {god gift}
 11360 | D:8      | Found Kitonwoq's Jewellery Emporium.
 11444 | D:8      | XOM is BORED!
 11444 | D:8      | XOM: medium Ice miscast
 11476 | D:8      | Found Golu's Antique Armour Emporium.
 11482 | D:8      | Bought a pair of glowing gloves for 172 gold pieces
 11492 | D:8      | XOM: mild Chrm miscast
 11653 | D:8      | XOM: fog
 11662 | D:8      | XOM: mild Conj miscast
 11669 | D:8      | Reached skill level 5 in Armour
 11671 | D:8      | Reached skill level 5 in Dodging
 11882 | D:9      | Found a glowing golden altar of the Shining One.
 11882 | D:9      | XOM: 3-stop teleportation journey
 11891 | D:10     | Entered Level 10 of the Dungeon
 11891 | D:10     | Noticed a two-headed ogre
 11911 | D:10     | HP: 2/54 [two-headed ogre/giant club (19)]
 11920 | D:10     | Slain by a two-headed ogre

Skill      XL: |  1  2  3  4  5  6  7  8  9 10 |
---------------+-------------------------------+-----
Stealth        | 3 4 5 |  5.3
Spellcasting   | 3 4 5 6 7 8 |  8.6
Conjurations   | 5 6 7 8 |  8.9
Dodging        | 3 4 5 |  5.1
Fighting       | 1 2 |  2.4
Armour         | 2 4 5 |  5.1
Unarmed Combat | |  0.8

Action                   |  1- 3 |  4- 6 |  7- 9 | 10-12 || total
-------------------------+-------+-------+-------+-------++-------
Melee: Unarmed           |    26 |       |       |       ||    26
       Whip              |       |     2 |       |       ||     2
       Staff             |       |       |       |     4 ||     4
 Cast: Magic Dart        |    50 |    45 |    73 |    14 ||   182
       Searing Ray       |     6 |    21 |    84 |    28 ||   139
  Use: Potion            |       |     4 |       |     5 ||     9
       Scroll            |       |     4 |       |       ||     4
  Eat: Chunk             |    13 |     8 |    18 |     3 ||    42
Armor: Robe              |     6 |    11 |     1 |       ||    18
       Skin              |       |    12 |       |       ||    12
       Leather armour    |       |       |     2 |       ||     2
       Ring mail         |       |       |     8 |    15 ||    23
Dodge: Dodged            |    29 |    45 |    57 |    69 ||   200
